Map: Submarine LE

Players

Zmordron

  • Race: Zerg Zerg
  • League: Gold
  • Spawn Location: 11:00

ViBE - Winner!

  • Race: Terran Terran
  • League: Gold
  • Spawn Location: 5:00

VOD

Have the link to the VOD?

Description

Time

  • Played on: March 24, 2021, 11:35 p.m.
  • Length: 11:52
Show
View Real Time Build Order
Export as new Build Order

Zmordron Zerg 

Build Orders: Hatch First 

Get SALT Encoding   

  12  0:00  Drone  
  13  0:13  Overlord  
  13  0:16  Drone  
  14  0:32  Drone  
  14  0:33  Drone  
  16  0:49  Hatchery  
  15  0:52  Drone  
  16  0:57  Drone  
  16  1:00  Extractor  
  16  1:02  Drone  
  17  1:17  Spawning Pool  
  16  1:24  Drone  
  16  1:25  Drone  
  18  1:41  Drone  
  18  1:43  Overlord  
  19  1:51  Drone  
  20  2:01  Drone  
  20  2:04  Queen x2  
  20  2:06  Drone  
  26  2:15  Drone x2  
  28  2:19  Extractor  
  27  2:23  Drone x2  
  29  2:32  Roach Warren  
  28  2:39  Drone  
  28  2:40  Pneumatized Carapace  
  29  2:45  Drone  
  29  2:46  Drone  
  29  2:47  Drone  
  32  2:57  Drone  
  34  2:58  Drone  
  34  3:05  Overlord  
  34  3:18  Roach  
  36  3:21  Overlord  
  36  3:26  Roach x3  
  36  3:27  Roach  
  44  3:41  Roach  
  44  3:42  Baneling Nest, Roach x2  
  49  3:48  Roach  
  49  3:54  Lair  
  51  3:56  Overlord x2  
  51  4:09  Drone  
  52  4:11  Hatchery, Drone  
  52  4:15  Spore Crawler  
  49  4:28  Spore Crawler  
  44  4:40  Drone  
  44  4:41  Drone  
  44  4:43  Drone x5  
  44  4:44  Evolution Chamber  
  50  4:46  Evolution Chamber  
  49  4:55  Overseer  
  49  4:58  Ravager x4  
  53  5:04  Zergling x4  
  53  5:05  Zergling x4  
  57  5:11  Overseer  
  54  5:46  Baneling x6  
  54  5:47  Baneling x2  
  48  6:15  Ravager x2  
  50  6:36  Queen  
  52  6:41  Drone  
  52  6:42  Drone x13  
  66  6:49  Extractor  
  66  6:50  Extractor, Zerg Missile Weapons Level 1, Zerg Ground Armor Level 1  
  64  6:59  Drone x4  
  68  7:05  Queen  
  69  7:10  Hatchery  
  62  7:19  Zergling x8  
  62  7:20  Zergling x8  
  53  8:14  Drone x5  
  53  8:15  Drone x5, Extractor  
  53  8:16  Spine Crawler x2, Roach x5  
  53  8:17  Roach  
  72  8:23  Overlord x4  
  63  8:39  Drone x4  
  67  8:41  Drone x3  
  67  8:42  Drone x2  
  72  8:52  Zerg Missile Weapons Level 2  
  72  8:53  Zerg Melee Weapons Level 1  
  72  8:56  Spine Crawler  
  72  8:57  Glial Reconstitution  
  72  8:59  Spine Crawler  
  72  9:00  Spore Crawler  
  69  9:07  Roach x2  
  69  9:08  Roach  
  75  9:15  Overseer  
  75  9:21  Queen  
  77  9:32  Roach  
  77  9:33  Roach x5  
  77  9:34  Roach x2  
  77  9:36  Drone x2  
  95  10:02  Drone x6  
  95  10:03  Drone  
  102  10:08  Extractor  
  102  10:10  Extractor  
  100  10:17  Hydralisk Den  
  100  10:18  Spore Crawler  
  100  10:20  Hatchery  
  97  10:21  Drone x3  
  97  10:22  Drone  
  97  10:23  Drone x2  
  103  10:31  Drone x4, Infestation Pit  
  106  10:38  Zergling x12  
  112  11:07  Overlord x5  
  112  11:08  Overlord  
  98  11:18  Zergling x2  
  98  11:19  Zergling x16  
Show
View Real Time Build Order
Export as new Build Order

ViBE Terran - Winner!

Build Orders:  

Get SALT Encoding   

  12  0:00  SCV  
  13  0:12  SCV  
  14  0:18  Supply Depot  
  14  0:24  SCV  
  15  0:40  SCV  
  15  0:42  Barracks  
  16  0:46  Refinery  
  16  0:52  SCV  
  18  1:04  SCV  
  18  1:16  SCV  
  19  1:29  Orbital Command  
  19  1:30  Marine  
  20  1:39  Command Center  
  20  1:47  Supply Depot  
  20  1:52  Marine  
  21  1:56  SCV  
  22  2:06  Factory  
  22  2:14  SCV  
  23  2:21  Barracks Reactor  
  23  2:26  SCV  
  24  2:38  SCV  
  25  2:47  Supply Depot  
  25  2:50  SCV  
  26  2:52  Refinery  
  26  2:54  Factory Tech Lab, Barracks  
  26  2:57  Marine x2  
  28  2:58  Orbital Command  
  28  3:03  SCV  
  29  3:19  SCV  
  30  3:23  Marine x2, Supply Depot  
  30  3:24  Siege Tank  
  30  3:26  SCV  
  36  3:32  SCV  
  37  3:40  SCV  
  39  3:42  Starport  
  39  3:43  Barracks Tech Lab  
  39  3:44  SCV  
  39  3:45  Marine x2  
  41  3:52  SCV  
  42  3:56  SCV  
  42  3:57  Supply Depot  
  42  4:00  Siege Tank  
  46  4:04  SCV  
  46  4:05  Marine x3  
  46  4:08  SCV  
  51  4:14  Stimpack  
  51  4:16  SCV  
  52  4:20  SCV  
  52  4:23  Marine x3  
  54  4:26  Supply Depot  
  54  4:28  SCV  
  55  4:31  Starport Reactor  
  55  4:32  SCV  
  56  4:40  SCV  
  56  4:41  Marine x3  
  56  4:44  SCV  
  61  4:46  Siege Tank  
  61  4:49  Command Center  
  64  4:55  Supply Depot  
  64  4:58  SCV x2  
  66  5:02  Refinery, Marine x2  
  66  5:03  Marine  
  66  5:04  Refinery  
  69  5:10  SCV x2  
  71  5:14  Engineering Bay  
  71  5:17  Engineering Bay  
  71  5:25  SCV x2  
  73  5:34  Supply Depot x2  
  73  5:35  Medivac x2  
  77  5:36  Marine x3  
  77  5:37  SCV x2  
  82  5:47  Terran Infantry Armor Level 1, Terran Infantry Weapons Level 1  
  82  5:49  SCV x2  
  84  5:55  Supply Depot  
  84  6:00  Supply Depot  
  84  6:01  SCV x2  
  84  6:03  Marine x3  
  88  6:14  Orbital Command  
  88  6:21  Marine x3  
  88  6:22  Medivac  
  88  6:23  Medivac  
  95  6:33  SCV  
  95  6:34  SCV, Combat Shield  
  95  6:38  Orbital Command  
  95  6:39  Armory  
  97  6:41  Marine x3  
  97  6:46  SCV x2  
  102  6:53  Command Center  
  102  6:58  SCV x2  
  102  6:59  Marine x3  
  107  7:14  Barracks  
  107  7:15  Barracks  
  107  7:17  SCV x2  
  107  7:18  SCV  
  107  7:20  Marine  
  107  7:21  Marine x2  
  111  7:23  Supply Depot  
  111  7:24  Medivac x2  
  115  7:34  Thor  
  115  7:36  Terran Vehicle Weapons Level 1  
  113  7:38  SCV x3  
  113  7:44  Terran Infantry Armor Level 2, Terran Infantry Weapons Level 2  
  113  7:47  Supply Depot  
  113  7:50  SCV x3  
  110  7:57  Refinery, Barracks  
  110  7:58  Refinery, Marine x3  
  109  7:59  Barracks  
  109  8:00  Medivac x2  
  109  8:02  SCV x2  
  118  8:09  Supply Depot  
  116  8:28  SCV x3  
  116  8:29  Supply Depot  
  116  8:32  Supply Depot x2  
  116  8:33  Marine  
  116  8:34  Barracks Reactor x2, Marine  
  121  8:35  Marine, Thor  
  121  8:36  Medivac  
  121  8:41  Command Center  
  130  8:45  SCV  
  130  8:46  SCV  
  132  8:52  SCV  
  133  8:56  Supply Depot  
  133  8:57  SCV, Marine x2, Supply Depot  
  133  8:58  SCV  
  133  9:00  Barracks Reactor x2  
  133  9:01  Marine  
  138  9:04  SCV  
  138  9:06  Medivac  
  138  9:07  Medivac  
  143  9:13  SCV x2  
  143  9:15  Marine x2  
  143  9:16  SCV  
  148  9:18  Thor  
  148  9:21  Planetary Fortress  
  154  9:36  Marine x11  
  165  9:40  Command Center  
  165  9:59  Command Center  
  165  10:01  Marine x11  
  165  10:03  Thor  
  182  10:19  Marine x11  
  193  10:21  Medivac  
  193  10:22  Medivac  
  193  10:23  SCV  
  193  10:24  SCV x2  
  200  10:51  Planetary Fortress  
  200  10:52  Planetary Fortress  
  200  11:00  Factory  
  200  11:01  Starport, Barracks  
  200  11:02  Barracks  
  192  11:12  Barracks  
  192  11:13  Barracks x2  
  192  11:15  Barracks  
  192  11:17  Marauder, Marine x6  
  192  11:18  Marine  
  199  11:30  Command Center  
Tags
 
League
GoldGold
Matchup
TvZ
Player
ViBE
Replay Pack
Gold_League
Spawn Locations
Cross Positions
Add a new tag
Caveats
  • Supply blocks, unpowered buildings, or Contaminate may cause inaccurate times.
  • Supply counts are checked every 10 seconds.